 Dungeon Crawl Stone Soup version 0.20.1-1-g8b1a95d (webtiles) character file.

29568 kae the Covert (level 13, -4/60 HPs)
             Began as a Spriggan Enchanter on Sept 16, 2017.
             Was an Elder of Dithmenos.
             Slain by a seven-headed hydra (15 damage)
             ... on level 6 of the Lair of Beasts.
             The game lasted 00:24:20 (17762 turns).

kae the Covert (Spriggan Enchanter)                Turns: 17762, Time: 00:24:21

Health: -4/60      AC:  4    Str:  7    XL:     13   Next: 15%
Magic:  20/29      EV: 26    Int: 17    God:    Dithmenos [****..]
Gold:   707        SH:  0    Dex: 18    Spells: 29/35 levels left

rFire    . . .     SeeInvis +   z - +1 dagger (venom)
rCold    . . .     Gourm    .   (shield restricted)
rNeg     + . .     Faith    .   b - +1 robe
rPois    .         Spirit   .   (helmet restricted)
rElec    .         Reflect  .   q - +0 cloak
rCorr    .         Harm     +   (gloves unavailable)
MR       ++...                  (boots unavailable)
Stlth    +++++++++.             B - amulet of harm
Regen    0.2/turn               k - ring of flight
MPRegen  0.3/turn               p - ring of positive energy

@: wreathed by umbra, very quick
A: unfitting armour, see invisible, herbivore 3, speed 3, slow metabolism 2
a: Shadow Step, Renounce Religion, Evoke Flight


You were on level 6 of the Lair of Beasts.
You worshipped Dithmenos.
Dithmenos was greatly pleased with you.
You were very hungry.

You visited 3 branches of the dungeon, and saw 16 of its levels.
You also visited: Volcano.

You collected 841 gold pieces.
You spent 134 gold pieces at shops.

Inventory:

Hand Weapons
 a - a +2 dagger
 z - a +1 dagger of venom (weapon)
Armour
 b - a +1 robe (worn)
 q - a +0 cloak (worn)
Jewellery
 k - a ring of flight (left hand)
 p - a ring of positive energy (right hand)
 B - an amulet of harm (around neck)
 Q - an uncursed amulet of guardian spirit {unknown}
Wands
 l - a wand of polymorph (19/24)
 o - a wand of enslavement (10/24)
 w - a wand of confusion (18/48)
 y - a wand of digging (13/24)
 A - a wand of paralysis (6/24)
 G - a wand of iceblast (10/15)
 I - a wand of confusion (20/48)
 K - a wand of acid (11/15)
 R - a wand of iceblast (6/15)
Scrolls
 f - 5 scrolls of immolation
 g - 3 scrolls of identify
 h - 5 scrolls of teleportation
 j - 6 scrolls of remove curse
 v - 5 scrolls of amnesia
 D - a scroll of enchant weapon
 F - 4 scrolls of blinking
 H - 4 scrolls of enchant armour
 O - a scroll of holy word {unknown}
 P - a scroll of magic mapping
Potions
 e - 4 potions of mutation
 m - 4 potions of agility
 n - 3 potions of curing
 r - 3 potions of ambrosia
 s - 2 potions of heal wounds
 t - 3 potions of berserk rage
 u - 2 potions of lignification
 x - 2 potions of magic
 C - a potion of cancellation
 E - a potion of might
 J - 3 potions of flight
 L - 2 potions of invisibility {unknown}
 M - a potion of resistance {unknown}
 S - a potion of haste {unknown}
Books
 c - a book of Maledictions

   Spells                             Type                      Level
   a - Corona                         Hexes                        1
   b - Ensorcelled Hibernation        Hexes/Ice                    2
   c - Confuse                        Hexes                        3
   d - Tukima's Dance                 Hexes                        3
   e - Dazzling Spray                 Conjuration/Hexes            3
 T - a book of Minor Magic

   Spells                             Type                      Level
   a - Magic Dart                     Conjuration                  1
   b - Blink                          Translocation                2
   c - Call Imp                       Summoning                    2
   d - Slow                           Hexes                        2
   e - Conjure Flame                  Conjuration/Fire             3
   f - Mephitic Cloud                 Conjuration/Poison/Air       3
Comestibles
 d - 6 bread rations
 i - 6 royal jellies
 N - 19 fruits


   Skills:
 + Level 3.5 Fighting
 * Level 14.2 Short Blades
 + Level 9.7 Dodging
 + Level 14.6 Stealth
 + Level 11.7 Spellcasting
 + Level 11.6 Hexes


You had 29 spell levels left.
You knew the following spells:

 Your Spells              Type           Power        Failure   Level  Hunger
a - Corona                Hex            #####..      1%          1    None
b - Ensorcelled Hibernat  Hex/Ice        ####..       1%          2    None
c - Confuse               Hex            #####...     1%          3    None


Dungeon Overview and Level Annotations

Branches:
Dungeon (9/15)             Temple (1/1) D:5            Lair (6/6) D:8
 Shoals (0/4) Lair:4       Spider (0/4) Lair:4        Slime (0/5) Lair:5
    Orc: D:9-12

Altars:
Ashenzari
Cheibriados
Dithmenos
Elyvilon
Fedhas
Gozag
Hepliaklqana
Kikubaaqudgha
Makhleb
Nemelex Xobeh
Okawaru
Qazlal
Ru
Sif Muna
Trog
Uskayaw
Vehumet
Xom
Yredelemnul
Zin
The Shining One

Shops:
D:8 ??(

Annotations:
D:9 Erica
Lair:2 exclusion: 2 oklob plants
Lair:4 exclusion: oklob plant
Lair:5 exclusion: oklob plant


Innate Abilities, Weirdness & Mutations

You are very small and have problems with some larger weapons.
You are too small for most types of armour.
You have supernaturally acute eyesight. (SInv)
You are a herbivore.
You cover ground extremely quickly.
You need consume almost no food.


Message History

Press: ? - help, Shift-Dir - straight line, f/p - seven-headed hydra
Aim: a seven-headed hydra (umbra, chance to defeat MR: 24%)
The seven-headed hydra resists with almost no effort.
Your shadow mimicks your spell!
The seven-headed hydra resists with almost no effort.
The seven-headed hydra closely misses you.
The seven-headed hydra bites you.
The seven-headed hydra closely misses you. x3
The seven-headed hydra bites you!
* * * LOW HITPOINT WARNING * * *
The seven-headed hydra barely misses you.
Casting: Ensorcelled Hibernation
Confirm with . or Enter, or press ? or * to list all spells.
Aiming: Ensorcelled Hibernation
Press: ? - help, Shift-Dir - straight line, f/p - seven-headed hydra
Aim: a seven-headed hydra (umbra, chance to defeat MR: 24%)
The seven-headed hydra resists with almost no effort.
The seven-headed hydra barely misses you. x2
The seven-headed hydra misses you. The seven-headed hydra bites you!
You die...

...... ...## .. ...%#
... ....# ....
....###..P ...##
.......##....#.... ...#
.......#...P..P..P ..)#
..................
...###...... ......... #
....P#........#....#....
≈....≈.####.....@...#
.......≈..#####†D.##....
..≈F≈≈≈F....≈ ###.≈# .
≈F≈≈≈≈≈≈≈P≈≈≈ ≈≈PP
≈≈≈≈#≈≈≈≈≈≈≈≈ .....
≈≈###≈≈≈≈P≈≈≈ .....$. ≈≈
##≈F≈≈≈≈P P...... ≈≈
##≈≈≈≈≈ ....... ≈ ≈≈≈≈≈


You could see a seven-headed hydra.

Vanquished Creatures
  Rupert (Lair:6)
  The ghost of DrClinical the Carver, a journeyman DsGl of Trog (Lair:2)
  3 hydras
  The ghost of shugdite the Carver, a novice MiFi of Okawaru (D:9)
  3 two-headed ogres
  Nergalle (Lair:1)
  The ghost of Chisa the Archer, a novice CeHu of Yredelemnul (D:7)
  2 black mambas
  A torpor snail (Lair:2)
  3 rime drakes
  8 spiny frogs
  2 ice devils (Lair:3)
  9 komodo dragons
  4 hippogriffs
  The ghost of Akron the Cudgeler, an amateur HaMo (D:5)
  4 dream sheep (Lair:2)
  12 blink frogs
  20 yaks
  A wyvern (Lair:4)
  2 basilisks
  A vampire mosquito (Lair:6)
  A steam dragon (D:8)
  8 water moccasins
  5 porcupines
  An orc warrior (D:8)
  2 sky beasts
  2 ice beasts (D:7)
  A black bear (D:8)
  A phantom (D:6)
  2 ogres
  6 centaurs
  4 wolves (Lair:3)
  8 crocodiles
  2 big kobolds
  16 bullfrogs
  A wyvern skeleton (D:7)
  A water moccasin skeleton (D:9)
  2 scorpions
  5 killer bees (D:8)
  2 howler monkeys
  3 electric eels
  A crimson imp (D:7)
  2 centaur zombies
  A bullfrog zombie (D:9)
  A lava snake (Volcano)
  2 quasits
  2 centaur skeletons
  10 hounds
  A jelly (D:9)
  2 orc priests (D:9)
  4 orc wizards
  Crazy Yiuf (D:3)
  3 bullfrog skeletons
  Jessica (D:2)
  Terence (D:2)
  6 iguanas
  5 worker ants
  2 hound skeletons
  A hound zombie (D:7)
  A worker ant zombie (D:7)
  4 gnolls
  A howler monkey skeleton (D:7)
  6 adders
  2 shadow imps (D:9)
  4 adder skeletons
  2 worms (D:2)
  3 dart slugs
  9 leopard geckos
  9 orcs
  6 giant cockroaches
  5 goblins
  4 hobgoblins
  6 jackals
  A quokka (D:4)
  3 ball pythons
  5 bats
  4 frilled lizards
  A goblin skeleton (D:5)
  A goblin zombie (D:5)
  13 kobolds
  9 rats
  A fungus (D:3)
300 creatures vanquished.

Vanquished Creatures (others)
  A worker ant (D:5)
  A howler monkey skeleton (D:5)
  2 fungi
  19 plants
23 creatures vanquished.

Grand Total: 323 creatures vanquished

Notes
Turn   | Place    | Note
-------+----------+-------------------------------------------
     0 | D:1      | kae the Spriggan Enchanter began the quest for the Orb.
     0 | D:1      | Reached XP level 1. HP: 9/9 MP: 5/5
   484 | D:1      | Reached XP level 2. HP: 5/13 MP: 3/6
   699 | D:1      | Learned a level 2 spell: Ensorcelled Hibernation
   842 | D:1      | Reached skill level 5 in Stealth
   966 | D:1      | Reached XP level 3. HP: 16/16 MP: 5/8
  1705 | D:2      | Reached XP level 4. HP: 21/21 MP: 4/9
  1806 | D:2      | Noticed Terence
  1838 | D:2      | Killed Terence
  2042 | D:2      | Noticed Jessica
  2046 | D:2      | Killed Jessica
  2051 | D:2      | You fall through a shaft for 2 floors!
  2161 | D:3      | You fall through a shaft for 2 floors!
  2161 | D:5      | Entered Level 5 of the Dungeon
  2190 | D:5      | Reached XP level 5. HP: 24/24 MP: 4/11
  2944 | D:3      | Found a radiant altar of Vehumet.
  3141 | D:3      | Found a runed door.
  3145 | D:3      | Noticed Crazy Yiuf
  3149 | D:3      | Killed Crazy Yiuf
  3236 | D:3      | Learned a level 3 spell: Confuse
  3344 | D:4      | Reached XP level 6. HP: 28/28 MP: 13/13
  3904 | D:4      | Reached skill level 5 in Short Blades
  3904 | D:4      | Reached skill level 5 in Hexes
  4035 | D:5      | Noticed Akron's ghost (amateur HaMo)
  4043 | D:5      | Killed Akron's ghost
  4043 | D:5      | Reached skill level 5 in Spellcasting
  4043 | D:5      | Reached XP level 7. HP: 32/32 MP: 8/15
  4100 | D:5      | Found a staircase to the Ecumenical Temple.
  4147 | D:5      | Found a runed door.
  4148 | D:5      | Noticed a human
  4163 | Temple   | Entered the Ecumenical Temple
  4350 | Temple   | Became a worshipper of Dithmenos the Shadowed
  4549 | D:5      | Found Feapnu's Magic Scroll Boutique.
  4622 | D:5      | Found a shattered altar of Ashenzari.
  4662 | D:5      | Found a basalt altar of Yredelemnul.
  5062 | D:5      | Found a hazy altar of Hepliaklqana.
  5448 | D:5      | Reached XP level 8. HP: 36/36 MP: 12/17
  5719 | D:6      | Found a deep blue altar of Sif Muna.
  5731 | D:6      | Found a glowing golden altar of the Shining One.
  5732 | D:6      | Found a sacrificial altar of Ru.
  6454 | D:7      | Reached * piety under Dithmenos
  6474 | D:7      | Noticed Chisa's ghost (novice CeHu)
  7016 | D:7      | Killed Chisa's ghost
  7016 | D:7      | Reached XP level 9. HP: 37/39 MP: 2/20
  7679 | D:8      | Noticed a two-headed ogre
  7685 | D:8      | Found Usialer's Weapon Shoppe.
  7686 | D:8      | Killed a two-headed ogre
  7686 | D:8      | Reached skill level 10 in Stealth
  7700 | D:8      | Bought a +1 dagger of venom for 112 gold pieces
  7928 | D:8      | Found Calaluic's Magic Scroll Boutique.
  7938 | D:8      | Found Xicogot's Magic Scroll Boutique.
  7947 | D:8      | Bought a scroll of identify for 22 gold pieces
  7967 | D:8      | Reached ** piety under Dithmenos
  8053 | D:8      | Reached skill level 10 in Short Blades
  8086 | D:8      | Reached XP level 10. HP: 44/44 MP: 16/23
  8184 | D:8      | Found a staircase to the Lair.
  8705 | D:9      | Noticed a two-headed ogre
  8712 | D:9      | Killed a two-headed ogre
  8797 | D:9      | Noticed shugdite's ghost (novice MiFi)
  8808 | D:9      | Killed shugdite's ghost
  8858 | D:9      | Found an opulent altar of Gozag.
  8891 | D:9      | Noticed Erica
  9571 | D:9      | Noticed a two-headed ogre
  9593 | D:9      | Killed a two-headed ogre
  9636 | D:9      | Reached *** piety under Dithmenos
 10004 | D:9      | Found an iron altar of Okawaru.
 10123 | Lair:1   | Entered Level 1 of the Lair of Beasts
 10170 | Lair:1   | Noticed an eight-headed hydra
 10177 | Lair:1   | Killed an eight-headed hydra
 10177 | Lair:1   | Reached XP level 11. HP: 47/47 MP: 25/25
 10450 | Lair:1   | Noticed Nergalle
 10458 | Lair:1   | Killed Nergalle
 10464 | Lair:1   | Reached skill level 5 in Dodging
 11009 | Lair:1   | Reached skill level 10 in Spellcasting
 11715 | Lair:1   | Reached skill level 10 in Hexes
 12324 | Lair:2   | Noticed an oklob plant
 12350 | Lair:2   | Noticed DrClinical's ghost (journeyman DsGl)
 12378 | Lair:2   | Killed DrClinical's ghost
 13754 | Lair:2   | Reached XP level 12. HP: 51/51 MP: 22/27
 13931 | Lair:3   | Found a dark tunnel.
 13984 | Lair:3   | Reached **** piety under Dithmenos
 14019 | Volcano  | Entered a volcano
 14376 | Lair:3   | Reached skill level 1 in Fighting
 15249 | Lair:3   | Noticed a five-headed hydra
 15266 | Lair:3   | Killed a five-headed hydra
 15743 | Lair:4   | Found a hole to the Spider Nest.
 15765 | Lair:4   | Noticed a six-headed hydra
 15771 | Lair:4   | Killed a six-headed hydra
 16305 | Lair:4   | Found a staircase to the Shoals.
 16790 | Lair:5   | Found a staircase to the Slime Pits.
 17227 | Lair:6   | Entered Level 6 of the Lair of Beasts
 17298 | Lair:6   | Noticed Rupert
 17303 | Lair:6   | Killed Rupert
 17303 | Lair:6   | Reached XP level 13. HP: 60/60 MP: 24/29
 17762 | Lair:6   | Slain by a seven-headed hydra

Skill      XL: |  1  2  3  4  5  6  7  8  9 10 11 12 |
---------------+-------------------------------------+-----
Short Blades   | 2 3 4 5 6 8 10 11 12 14 | 14.2
Stealth        | 5 6 7 8 9 10 12 13 14 | 14.6
Spellcasting   | 3 4 5 7 8 9 10 11 | 11.7
Hexes          | 4 5 7 8 9 10 11 | 11.6
Dodging        | 4 7 9 |  9.7
Fighting       | 3 |  3.5

Action                   |  1- 3 |  4- 6 |  7- 9 | 10-12 | 13-15 || total
-------------------------+-------+-------+-------+-------+-------++-------
Melee: Dagger            |   125 |   112 |   287 |   325 |    22 ||   871
 Cast: Corona            |     5 |     2 |       |       |       ||     7
       Ensorcelled Hiber |    19 |    21 |    50 |   151 |    18 ||   259
       Confuse           |       |     5 |    31 |    19 |     2 ||    57
Invok: Shadow Step       |       |       |       |     2 |       ||     2
  Use: Scroll            |     3 |     8 |     8 |     3 |       ||    22
 Stab: Sleeping          |    20 |    24 |    44 |   126 |     9 ||   223
       Confused          |       |     2 |     8 |    12 |     1 ||    23
       Distracted        |       |     1 |       |     2 |       ||     3
  Eat: Royal jelly       |       |     1 |     3 |     3 |       ||     7
       Fruit             |       |       |       |     2 |       ||     2
Armor: Robe              |     6 |     6 |    13 |    17 |     1 ||    43
Dodge: Dodged            |    99 |    65 |   155 |   208 |    60 ||   587
